 Dungeon Crawl Stone Soup version 0.27-a0-412-g8dd771eca2 (webtiles) character file.

Game seed: 14002102578508208345

142 vurker the Digger (level 4, -6/35 HPs)
             Began as a Demigod Earth Elementalist on Feb 23, 2021.
             Blown up by Ijyb (11 damage)
             ... with a mindburst bolt
             ... on level 4 of the Dungeon.
             The game lasted 00:03:29 (2760 turns).

vurker the Digger (Demigod Earth Elementalist)      Turns: 2760, Time: 00:03:29

Health: -6/35      AC:  4    Str:  9    XL:     4   Next: 75%
Magic:  1/11       EV: 12    Int: 21    God:
Gold:   171        SH:  0    Dex: 14    Spells: 3/9 levels left

rFire    . . .     SeeInvis .   m - +1 short sword (elec)
rCold    . . .     Faith    .   (no shield)
rNeg     . . .     Spirit   .   c - +0 robe
rPois    .         Reflect  .   k - +0 helmet
rElec    .         Harm     .   l - scarf {repulsion}
rCorr    .         Rampage  .   g - +0 pair of gloves
Will     .....                  (no boots)
Stlth    ++........             (no amulet)
HPRegen  0.11/turn              (no ring)
MPRegen  0.12/turn              (no ring)

@: repel missiles
A: high mp 1
a: no special abilities


You were on level 4 of the Dungeon.
You visited 1 branch of the dungeon, and saw 4 of its levels.

You collected 171 gold pieces.

Inventory:

Hand Weapons
 m - a +1 short sword of electrocution (weapon)
   (You took it off a hobgoblin on level 2 of the Dungeon)
Missiles
 b - 126 stones
Armour
 c - a +0 robe (worn)
 g - a +0 pair of gloves (worn)
   (You found it on level 1 of the Dungeon)
 k - a +0 helmet (worn)
   (You found it on level 2 of the Dungeon)
 l - a scarf of repulsion (worn)
   (You found it on level 2 of the Dungeon)
Scrolls
 a - a scroll of immolation {unknown}
 d - a scroll of enchant weapon {unknown}
 f - 5 scrolls of identify {unknown}
 j - a scroll of noise {unknown}
 n - a scroll of teleportation {unknown}
 p - a scroll of magic mapping {unknown}
Potions
 e - 2 potions of heal wounds {unknown}
 h - 3 potions of curing {unknown}
 i - a potion of degeneration {unknown}
 o - a potion of invisibility {unknown}


   Skills:
 + Level 1.5 Fighting
 - Level 1.7 Dodging
 - Level 1.7 Stealth
 * Level 3.0 Spellcasting
 * Level 1.0 Conjurations
 - Level 0.8 Transmutations
 * Level 3.8 Earth Magic


You had 3 spell levels left.
You knew the following spells:

 Your Spells              Type           Power        Failure   Level
a - Sandblast             Erth           38%          2%          1
b - Stone Arrow           Conj/Erth      26%          14%         3
w - Passwall              Tmut/Erth      10%          8%          2

Your spell library contained the following spells:

 Spells                   Type           Power        Failure   Level
 Petrify                  Tmut/Erth      13%          45%         4
 Lee's Rapid Deconstruct  Erth           9%           58%         5


Dungeon Overview and Level Annotations

Branches:
Dungeon (4/15)
 Temple: D:4-7

Annotations:
D:3 2 transporters, MartinH's ghost, novice GnTm
D:4 Ijyb


Innate Abilities, Weirdness & Mutations

You have an increased reservoir of magic. (+10% MP)


Message History

There is a stone staircase leading down here.
You climb downwards.
Ijyb the Twisted Goblin comes into view.
She is wielding a +0 dagger and carrying a wand of mindburst (9).
Ijyb shouts!
Found a robe and a golden potion.
Found a stone staircase leading down.
There is a stone staircase leading up here.
Aim: Ijyb, wielding a +0 dagger, wearing a +0 scale mail and carrying a wand of mindburst (9) (23% to evade)
The blast of sand hits Ijyb.
Aim: Ijyb, wielding a +0 dagger, wearing a +0 scale mail and carrying a wand of mindburst (9) (lightly wounded, 23% to evade)
The blast of sand hits Ijyb but does no damage.
Aim: Ijyb, wielding a +0 dagger, wearing a +0 scale mail and carrying a wand of mindburst (9) (lightly wounded, 23% to evade)
The blast of sand hits Ijyb.
Aim: Ijyb, wielding a +0 dagger, wearing a +0 scale mail and carrying a wand of mindburst (9) (moderately wounded, 23% to evade)
The blast of sand hits Ijyb but does no damage.
Ijyb hits you but does no damage.
Aim: Ijyb, wielding a +0 dagger, wearing a +0 scale mail and carrying a wand of mindburst (9) (moderately wounded, 23% to evade)
The blast of sand hits Ijyb but does no damage.
Ijyb hits you but does no damage.
Aim: Ijyb, wielding a +0 dagger, wearing a +0 scale mail and carrying a wand of mindburst (9) (moderately wounded, 23% to evade)
The blast of sand hits Ijyb!
Ijyb hits you but does no damage.
Aim: Ijyb, wielding a +0 dagger, wearing a +0 scale mail and carrying a wand of mindburst (9) (heavily wounded, 23% to evade)
The blast of sand hits Ijyb but does no damage.
Ijyb screams, "Me very upset!"
Ijyb hits you but does no damage.
Aim: Ijyb, wielding a +0 dagger, wearing a +0 scale mail and carrying a wand of mindburst (9) (heavily wounded, 23% to evade)
The blast of sand hits Ijyb but does no damage.
Ijyb hits you with a +0 dagger.
Aim: Ijyb, wielding a +0 dagger, wearing a +0 scale mail and carrying a wand of mindburst (9) (heavily wounded, 23% to evade)
The blast of sand hits Ijyb but does no damage.
Ijyb barely misses you.
You hit Ijyb. Ijyb hits you with a +0 dagger. Ijyb completely misses you.
You closely miss Ijyb. Ijyb barely misses you.
You hit Ijyb.
Ijyb zaps a wand.
Your mind is blasted!
You closely miss Ijyb.
Ijyb zaps a wand.
Your mind is blasted!
* * * LOW HITPOINT WARNING * * *
Aim: Ijyb, wielding a +0 dagger, wearing a +0 scale mail and carrying a wand of mindburst (7) (severely wounded, 23% to evade)
The blast of sand hits Ijyb.
Ijyb hits you but does no damage.
Aim: Ijyb, wielding a +0 dagger, wearing a +0 scale mail and carrying a wand of mindburst (7) (almost dead, 23% to evade)
The blast of sand hits Ijyb but does no damage.
Ijyb barely misses you.
Aim: Ijyb, wielding a +0 dagger, wearing a +0 scale mail and carrying a wand of mindburst (7) (almost dead, 23% to evade)
The blast of sand hits Ijyb but does no damage.
Ijyb zaps a wand.
Your mind is blasted!
You die...

#### #... ..#
## ..#
##..#####.##.#
##......[..!..#
#.....g@<...#
....#.......# #
#.......#
#......##
#..>...#
...##### ###.
##


You could see Ijyb.

Vanquished Creatures
  Jessica (D:3)
  A worker ant (D:3)
  An adder (D:3)
  2 oozes
  3 worms
  4 dart slugs
  2 leopard geckos (D:1)
  3 giant cockroaches
  8 hobgoblins
  4 jackals (D:2)
  2 quokkas (D:2)
  8 bats
  2 frilled lizards (D:1)
  A goblin (D:1)
  8 kobolds
  8 rats
58 creatures vanquished.

Notes
Turn   | Place    | Note
-------+----------+-------------------------------------------
     0 | D:1      | vurker the Demigod Earth Elementalist began the quest for
                  | the Orb.
     0 | D:1      | Reached XP level 1. HP: 14/14 MP: 5/5
   154 | D:1      | Reached XP level 2. HP: 22/22 MP: 4/7
   863 | D:1      | Reached XP level 3. HP: 21/27 MP: 6/9
  1084 | D:1      | Learned a level 3 spell: Stone Arrow
  1087 | D:1      | Learned a level 2 spell: Passwall
  1148 | D:2      | Reached skill level 1 in Fighting
  2110 | D:3      | Found a transporter.
  2110 | D:3      | Noticed MartinH's ghost (novice GnTm)
  2147 | D:3      | Noticed an orc warrior
  2154 | D:3      | Noticed Jessica
  2160 | D:3      | Killed Jessica
  2161 | D:3      | Reached XP level 4. HP: 30/35 MP: 7/11
  2204 | D:3      | Found a shimmering altar of Xom.
  2460 | D:3      | Found a transporter.
  2495 | D:3      | Found a broken altar of Ashenzari.
  2517 | D:3      | Reached skill level 1 in Conjurations
  2743 | D:4      | Noticed Ijyb
  2760 | D:4      | Blown up by Ijyb

Illustrated notes

Levels and vault maps discovered:
D:1:      dpeg_arrival_rooms_a, layout_basic, minmay_crystal_room
D:2:      layout_loops_ring, minmay_bisected
D:3:      layout_rooms, ashenzari_altar_1, xom_teletrap_fun,
          gammafunk_ghost_arena, minmay_misc_feat_columns,
          hangedman_decor_riveting, uniq_jessica
D:4:      layout_rooms, cheibriados_altar_1, minmay_temple_entry_fiery,
          nicolae_tso_swordbearing_angel, uniq_ijyb, uniq_blork_the_orc,
          uniq_edmund

Skill      XL: |  1  2  3  4 |
---------------+-------------+-----
Spellcasting   | 2 3 |  3.0
Earth Magic    | 3 |  3.8
Fighting       | 1 |  1.5
Conjurations   | 1 |  1.0
Dodging        | |  1.7
Stealth        | |  1.7
Transmutations | |  0.8

Action                   |  1- 3 |  4- 6 || total
-------------------------+-------+-------++-------
Melee: Dagger            |    26 |       ||    26
       Short sword       |       |    23 ||    23
 Cast: Sandblast         |    79 |    23 ||   102
 Stab: Sleeping          |     1 |       ||     1
Armor: Robe              |    12 |     8 ||    20
Dodge: Dodged            |    32 |    19 ||    51

Table legend: (Time is in decaauts)
 A = Elapsed time spent in this place.
 B = Non-inter-level travel time spent in this place.
 C = Inter-level travel time spent in this place.
 D = Time resting spent in this place.
 E = Time spent auto-exploring this place.
 F = Levels seen in this place.
 G = Mean time per level.
                   A        B        C        D        E       F      G
               +--------+--------+--------+--------+--------+-----+--------+
         Total |   2760 |   2721 |     39 |      0 |   2313 |   4 |  690.0 |
       Dungeon |   2760 |   2721 |     39 |      0 |   2313 |   4 |  690.0 |
               +--------+--------+--------+--------+--------+-----+--------+

Top non-repeatable levels by time:
     D:1: 1087 daAuts
     D:2: 1018 daAuts
     D:3: 637 daAuts
     D:4: 17 daAuts
